 Dungeon Crawl Stone Soup version 0.23.2 (webtiles) character file.

Game seed: 3499663993039702008

270 Kairos the Skirmisher (level 6, -4/49 HPs)
             Began as a Formicid Abyssal Knight on Apr 10, 2019.
             Was a Priest of Lugonu.
             Slain by a hound (5 damage)
             ... on level 4 of the Dungeon.
             The game lasted 00:03:57 (2583 turns).

Kairos the Skirmisher (Formicid Abyssal Knight)     Turns: 2583, Time: 00:03:58

Health: -4/49      AC:  8    Str: 18    XL:     6   Next: 46%
Magic:  7/7        EV: 11    Int: 12    God:    Lugonu [***...]
Gold:   184        SH:  0    Dex: 10    Spells: 5/5 levels left

rFire    + . .     SeeInvis +   a - +2 spear
rCold    + + .     Gourm    .   (no shield)
rNeg     . . .     Faith    .   f - +3 ring mail {rC+}
rPois    .         Spirit   .   (helmet unavailable)
rElec    .         Reflect  .   h - scarf {rC+ rF+}
rCorr    .         Harm     .   (no gloves)
MR       .....                  (no boots)
Stlth    +.........             d - amulet of the acrobat
HPRegen  0.16/turn              (no ring)
MPRegen  0.10/turn              (no ring)

@: very slightly contaminated, invisible
A: permanent stasis, dig shafts and tunnels, four strong arms, antennae 3
a: Dig, Shaft Self, Depart the Abyss, Bend Space, Banish, Renounce Religion


You were on level 4 of the Dungeon.
You worshipped Lugonu.
Lugonu was most pleased with you.
You were very hungry.

You visited 1 branch of the dungeon, and saw 4 of its levels.
You visited the Abyss 1 time.

You collected 184 gold pieces.

Inventory:

Hand Weapons
 a - a +2 spear (weapon)
Missiles
 l - 2 javelins (quivered)
Armour
 b - a +0 leather armour
 f - a +3 ring mail of cold resistance (worn)
 h - a scarf of resistance (worn)
Jewellery
 d - an amulet of the acrobat (around neck)
Scrolls
 e - a scroll of fog
 g - a scroll of enchant armour {unknown}
 i - a scroll of identify
 m - a scroll of remove curse
Potions
 j - 2 potions of brilliance
Comestibles
 c - 8 rations


   Skills:
 + Level 4.7 Fighting
 + Level 4.7 Polearms
 + Level 3.1 Armour
 + Level 1.3 Dodging
 + Level 0.6 Stealth
 + Level 2.5 Invocations


You had 5 spell levels left.
You didn't know any spells.
Your spell library was empty.

Dungeon Overview and Level Annotations

Branches:
Dungeon (4/15)
 Temple: D:4-7

Altars:
Ashenzari
Cheibriados
Ru
Wu Jian


Innate Abilities, Weirdness & Mutations

You cannot be hasted, slowed, berserked, paralysed or teleported.
You can dig through walls and to a lower floor.
Your four strong arms can wield two-handed weapons with a shield.
You have a pair of large antennae on your head. (SInv)


Message History

The hound completely misses you.
You retract your mandibles.
You hit the hound but do no damage. The hound closely misses you.
The hound bites you but does no damage.
You hit the hound.
The hound is lightly wounded.
The hound bites you.
* * * LOW HITPOINT WARNING * * *
You hit the hound.
The hound is moderately wounded.
The hound bites you.
* * * LOW HITPOINT WARNING * * *
You fade into invisibility!
The hound bites you.
* * * LOW HITPOINT WARNING * * *
The hound closely misses you.
You are very lightly contaminated with residual magic.
You hit the hound.
The hound is heavily wounded.
The hound bites you.
You die...

### ##h## #@#{# #######
###{########.....#
######{#≈.≈.≈≈....##.#
.......{.S..........#.#
######....≈.....≈≈...##
##≈≈≈≈≈.≈≈≈≈.≈≈.≈≈≈≈
#≈≈≈≈≈≈≈≈)≈≈≈≈≈≈≈≈≈≈≈
####..≈...≈≈..≈.≈..##
#....≈≈....≈..#...


You could see a hound.

Vanquished Creatures
  A black bear (D:3)
  An orc priest (D:4)
  Robin (D:2)
  4 adders
  3 worms
  4 dart slugs
  2 orcs (D:3)
  6 giant cockroaches
  14 goblins
  18 hobgoblins
  6 jackals
  5 bats
  6 frilled lizards
  8 kobolds
  7 rats
86 creatures vanquished.

Notes
Turn   | Place    | Note
-------+----------+-------------------------------------------
     0 | Abyss:1  | Kairos the Formicid Abyssal Knight began the quest for the
                  | Orb.
     0 | Abyss:1  | Reached XP level 1. HP: 18/18 MP: 2/2
    86 | Abyss:2  | Found an ancient bone altar of Kikubaaqudgha.
   116 | Abyss:2  | Noticed a tarantella
   116 | Abyss:2  | a shapeshifter changed into a tarantella
   120 | Abyss:2  | Noticed a large abomination
   120 | Abyss:2  | Noticed an Executioner
   122 | D:1      | Escaped the Abyss
   159 | D:1      | Reached XP level 2. HP: 19/24 MP: 3/3
   201 | D:1      | Reached * piety under Lugonu
   327 | D:1      | Reached XP level 3. HP: 29/30 MP: 4/4
  1143 | D:2      | Noticed Robin
  1166 | D:2      | Reached ** piety under Lugonu
  1177 | D:2      | Reached XP level 4. HP: 37/37 MP: 5/5
  1186 | D:2      | Killed Robin
  1215 | D:2      | Found a snail-covered altar of Cheibriados.
  1285 | D:2      | Reached skill level 1 in Dodging
  1392 | D:2      | Reached XP level 5. HP: 40/43 MP: 6/6
  1394 | D:2      | Found an ornate altar of the Wu Jian Council.
  1908 | D:3      | Reached *** piety under Lugonu
  1990 | D:3      | Noticed a black bear
  2004 | D:3      | Killed a black bear
  2004 | D:3      | Reached XP level 6. HP: 46/49 MP: 7/7
  2016 | D:3      | Found a shattered altar of Ashenzari.
  2167 | D:3      | Found a sacrificial altar of Ru.
  2581 | D:4      | HP: 2/49 [hound (4)]
  2583 | D:4      | Slain by a hound

Skill      XL: |  1  2  3  4  5 |
---------------+----------------+-----
Fighting       | 4 |  4.7
Dodging        | 1 |  1.3
Polearms       | 3 4 |  4.7
Armour         | 3 |  3.1
Stealth        | |  0.6
Invocations    | |  2.5

Action                   |  1- 3 |  4- 6 || total
-------------------------+-------+-------++-------
Melee: Spear             |   121 |   213 ||   334
Invok: Depart the Abyss  |     1 |       ||     1
 Abil: Dig               |     5 |     1 ||     6
  Use: Scroll            |     5 |     1 ||     6
       Potion            |     1 |     1 ||     2
  Eat: Chunk             |       |     5 ||     5
Armor: Ring mail         |    37 |    63 ||   100
Dodge: Dodged            |    39 |    90 ||   129
